 Dungeon Crawl Stone Soup version 0.27-a0-242-ge0fc76b88b (webtiles) character file.

Game seed: 2439482207486458792

297 Borgoz the Slasher (level 6, 0/51 HPs)
             Began as a Ghoul Gladiator on Feb 3, 2021.
             Slain by a river rat (4 damage)
             ... on level 4 of the Dungeon.
             The game lasted 00:06:57 (3665 turns).

Borgoz the Slasher (Ghoul Gladiator)                Turns: 3665, Time: 00:06:58

Health: 0/51       AC:  6    Str: 18    XL:     6   Next: 35%
Magic:  5/5        EV: 12    Int:  3    God:
Gold:   116        SH:  0    Dex: 12    Spells: 5/5 levels left

rFire    . . .     SeeInvis +   f - +0 short sword (elec)
rCold    + . .     Faith    +   (no shield)
rNeg     + + +     Spirit   .   n - +0 ring mail
rPois    ∞         Reflect  .   c - +0 helmet
rElec    .         Harm     .   (no cloak)
rCorr    .         Rampage  .   (no gloves)
Will     .....                  (no boots)
Stlth    +.........             m - amulet of faith
HPRegen  0.00/turn              o - ring of see invisible
MPRegen  0.09/turn              (no ring)

@: no status effects
A: claws 1, cold resistance 1, negative energy resistance 3, inhibited
regeneration, torment resistance, unbreathing
a: no special abilities


You were on level 4 of the Dungeon.
You visited 1 branch of the dungeon, and saw 4 of its levels.

You collected 116 gold pieces.

Inventory:

Hand Weapons
 a - a +0 long sword
 b - a +3 dagger
 f - a +0 short sword of electrocution (weapon)
 h - a +2 dagger of speed
Missiles
 d - 4 throwing nets (quivered)
Armour
 c - a +0 helmet (worn)
 n - a +0 ring mail (worn)
Jewellery
 m - an amulet of faith (around neck)
 o - a ring of see invisible (left claw)
Wands
 e - a wand of digging (1)
 r - a wand of flame (20)
Scrolls
 g - a scroll of amnesia {unknown}
 k - 2 scrolls of enchant weapon
 l - 3 scrolls of teleportation
Potions
 i - a potion of curing {unknown}
 j - a potion of magic {unknown}
 p - a potion of degeneration {unknown}


   Skills:
 + Level 3.6 Fighting
 * Level 4.5 Long Blades
 - Level 1.7 Throwing
 + Level 2.1 Armour
 + Level 3.7 Dodging


You had 5 spell levels left.
You didn't know any spells.
Your spell library was empty.

Dungeon Overview and Level Annotations

Branches:
Dungeon (4/15)             Temple (0/1) D:4

Altars:
Gozag
Trog

Portals:
Sewer: D:4


Innate Abilities, Weirdness & Mutations

You thrive by killing the living.
You are immune to poison.
You have sharp fingernails.
Your flesh is cold resistant. (rC+)
You are immune to negative energy. (rN+++)
You do not regenerate when monsters are visible.
You are immune to unholy pain and torment.
You can survive without breathing.


Message History

* * * LOW HITPOINT WARNING * * *
Okay, then.
The phantom hits you.
* * * LOW HITPOINT WARNING * * *
The phantom blinks!
You blink.
A frilled lizard comes into view.
You hit the phantom.
The phantom is moderately damaged.
The frilled lizard hisses angrily.
The phantom hits you.
* * * LOW HITPOINT WARNING * * *
The phantom blinks!
You blink.
The frilled lizard moves out of view.
The ball python misses you. The ball python completely misses you.
The phantom barely misses you.
The ball python closely misses you. x2; The rat bites you but does no damage.
The ball python closely misses you. The ball python grabs you.
The ball python constricts you.
You escape the ball python's grasp.
The rat closely misses you. The river rat bites you.
You die...

.... #### .... ...
#... ...###....
#..#.....#...
#..#........
#..##..l.# #..#...#
#..W..# ##Sr@## #.r.#
#..## #w.## #.....
##...## ##.......
###.....## ##........
#........###.........
#####†...#.........#
#.............<#


You could see a phantom, a worm, a river rat, a ball python, a frilled lizard
and a rat.

Vanquished Creatures
  A bullfrog zombie (D:4)
  A hound (D:4)
  An orc wizard (D:3)
  2 worker ants
  A hound skeleton (D:3)
  Robin (D:3)
  3 adders
  An ooze (D:4)
  6 worms
  3 leopard geckos
  4 orcs (D:3)
  10 bats
  3 giant cockroaches
  14 goblins
  7 hobgoblins
  8 jackals
  A quokka (D:2)
  3 ball pythons
  3 frilled lizards
  6 kobolds
  A quokka skeleton (D:4)
  11 rats
91 creatures vanquished.

Notes
Turn   | Place    | Note
-------+----------+-------------------------------------------
     0 | D:1      | Borgoz the Ghoul Gladiator began the quest for the Orb.
     0 | D:1      | Reached XP level 1. HP: 17/17 MP: 0/0
   288 | D:1      | Reached XP level 2. HP: 25/25 MP: 1/1
   296 | D:1      | Reached skill level 3 in Long Blades
   855 | D:1      | Reached XP level 3. HP: 30/30 MP: 2/2
  1350 | D:2      | Reached skill level 1 in Armour
  1354 | D:2      | Reached XP level 4. HP: 24/37 MP: 3/3
  1615 | D:2      | Found a faded altar of an unknown god.
  2006 | D:3      | Reached XP level 5. HP: 44/45 MP: 4/4
  2044 | D:3      | Reached skill level 4 in Long Blades
  2136 | D:3      | Found an opulent altar of Gozag.
  2561 | D:3      | Noticed Robin
  2604 | D:3      | Killed Robin
  3409 | D:4      | Reached XP level 6. HP: 49/51 MP: 5/5
  3449 | D:4      | Found a staircase to the Ecumenical Temple.
  3455 | D:4      | Noticed a moth of wrath
  3459 | D:4      | Found a bloodstained altar of Trog.
  3639 | D:4      | Found a glowing drain.
  3665 | D:4      | Slain by a river rat

Illustrated notes

Levels and vault maps discovered:
D:1:      tarquinn_simple_flora_water_a, layout_basic
D:2:      layout_basic, chequers_ecumenical_altar_island
D:3:      layout_basic, nicolae_gozag_seed_capital, minivault_24, minivault_27,
          uniq_robin
D:4:      layout_layer_cave, minmay_temple_entry_tees, portal_sewer_entry_b,
          tgw_trog

Skill      XL: |  1  2  3  4  5 |
---------------+----------------+-----
Long Blades    | 3 4 |  4.5
Armour         | 1 2 |  2.1
Dodging        | 3 |  3.7
Fighting       | 3 |  3.6
Throwing       | |  1.7

Action                   |  1- 3 |  4- 6 || total
-------------------------+-------+-------++-------
Melee: Long sword        |    56 |       ||    56
       Dagger            |       |   180 ||   180
       Short sword       |       |    86 ||    86
Throw: Throwing net      |     1 |     3 ||     4
  Use: Scroll            |       |     7 ||     7
       Potion            |       |     1 ||     1
 Stab: Held in net/web   |     1 |       ||     1
Armor: Leather armour    |    26 |     6 ||    32
       Ring mail         |       |    92 ||    92
Dodge: Dodged            |    56 |   180 ||   236
       Rpst.: Long sword |    19 |       ||    19

Table legend: (Time is in decaauts)
 A = Elapsed time spent in this place.
 B = Non-inter-level travel time spent in this place.
 C = Inter-level travel time spent in this place.
 D = Time resting spent in this place.
 E = Time spent auto-exploring this place.
 F = Levels seen in this place.
 G = Mean time per level.
                   A        B        C        D        E       F      G
               +--------+--------+--------+--------+--------+-----+--------+
         Total |   3650 |   3591 |     59 |    853 |   2071 |   4 |  912.5 |
       Dungeon |   3650 |   3591 |     59 |    853 |   2071 |   4 |  912.5 |
               +--------+--------+--------+--------+--------+-----+--------+

Top non-repeatable levels by time:
     D:3: 1477 daAuts
     D:1: 944 daAuts
     D:2: 913 daAuts
     D:4: 315 daAuts
